 Dungeon Crawl Stone Soup version 0.16-a0-783-gf476f6a (webtiles) character file.

64 Chiseanne the Magician (level 3, -9/24 HPs)
             Began as a Demonspawn Wizard on Sept 26, 2014.
             Mangled by a gnoll
             ... wielding a +0 halberd
              (10 damage)
             ... on Level 2 of the Dungeon.
             The game lasted 00:06:54 (2390 turns).

Chiseanne the Magician (Demonspawn Wizard)          Turns: 2390, Time: 00:06:54

HP  -9/24        AC  2     Str  7      XL: 3   Next: 91%
MP   1/9         EV 12     Int 20      God:
Gold 94          SH  0     Dex 15      Spells:  2 memorised,  7 levels left

rFire  . . .     SeeInvis +     j - +0 dagger
rCold  . . .     Clarity  .     a - +0 robe
rNeg   . . .     rCorr    .     (no shield)
rPois  .         rRot     .     b - +0 hat
rElec  .         Spirit   .     (no cloak)
SustAb .         Warding  .     (no gloves)
rMut   .         Stasis   .     (no boots)
Gourm  .                        f - amulet of rage
MR     .....                    (no ring)
                                d - ring of see invisible

@: very slightly contaminated, repel missiles, not resistant to hostile
enchantments, fairly stealthy
A: thin skeletal structure 2
a: Evoke Berserk Rage


You were on level 2 of the Dungeon.
You were not hungry.

You visited 1 branch of the dungeon, and saw 2 of its levels.

You collected 94 gold pieces.

Inventory:

Hand weapons
 e - a +0 club
 j - a +0 dagger (weapon)
Armour
 a - a +0 robe (worn)
 b - a +0 hat (worn)
Comestibles
 g - 2 meat rations
 h - a slice of pizza
Scrolls
 i - 6 scrolls of remove curse
 k - a scroll of fog {unknown}
 m - a scroll of recharging {unknown}
 n - a scroll of magic mapping {unknown}
Jewellery
 d - a ring of see invisible (left hand)
 f - an amulet of rage (around neck)
Potions
 l - a potion of haste
 o - a potion of heal wounds {unknown}
Books
 c - a book of Minor Magic

   Spells                             Type                      Level
   *Magic Dart                        Conjuration                  1
   Blink                              Translocation                2
   Call Imp                           Summoning                    2
   *Repel Missiles                    Charms/Air                   2
   Slow                               Hexes                        2
   Conjure Flame                      Conjuration/Fire             3
   Mephitic Cloud                     Conjuration/Poison/Air       3


   Skills:
 * Level 1.9 Dodging
 * Level 1.9 Stealth
 * Level 4.1 Spellcasting
 * Level 2.0 Conjurations
   Level 1.0 Summonings
   Level 0.8 Translocations


You had 7 spell levels left.
You knew the following spells:

 Your Spells              Type           Power        Failure   Level  Hunger
a - Magic Dart            Conj           ##..         6%          1    None
b - Repel Missiles        Chrm/Air       #.....       21%         2    #......


Dungeon Overview and Level Annotations

Branches:
Dungeon (2/15)

Altars:

Annotations:
D:1 exclusion: 2 downstairs


Innate Abilities, Weirdness & Mutations

You have a moderately thin skeletal structure (Dex +4, Stealth+).


Message History

The magic dart hits the gnoll.
The gnoll is severely wounded.
Casting: Magic Dart
Confirm with . or Enter, or press ? or * to list all spells.
Aiming: Magic Dart
Press: ? - help, Shift-Dir - straight line, f/p - gnoll
Aim: a gnoll, wielding a halberd (severely wounded)
The magic dart hits the gnoll.
The gnoll is severely wounded.
The gnoll hits you from afar with a halberd.
* * * LOW HITPOINT WARNING * * *
Casting: Magic Dart
Confirm with . or Enter, or press ? or * to list all spells.
Aiming: Magic Dart
Press: ? - help, Shift-Dir - straight line, f/p - gnoll
Aim: a gnoll, wielding a halberd (severely wounded)
The magic dart hits the gnoll.
The gnoll is almost dead.
The gnoll hits you from afar with a halberd!
You die...

############# #.....#.....##
###########............##
#......P..#........>....#
#############...............
#......)....@.............#.
#.###########.g.......#####
#.#......P..#.........#
#)###########.........# #.#
#.........# #.#
#######.....#...# #.#
#..##.########..#
#.######.##.# #.........#.#


You could see a gnoll.

Vanquished Creatures
  An adder (D:2)
  2 gnolls (D:2)
  A worm (D:2)
  A ball python (D:1)
  7 bats
  7 goblins (D:1)
  A hobgoblin (D:2)
  4 kobolds
  A giant gecko (D:2)
  2 giant newts
  5 rats
32 creatures vanquished.

Notes
Turn   | Place    | Note
--------------------------------------------------------------
     0 | D:1      | Chiseanne, the Demonspawn Wizard, began the quest for the Orb.
     0 | D:1      | Reached XP level 1. HP: 13/13 MP: 4/4
   348 | D:1      | Gained mutation: You have a somewhat thin skeletal structure (Dex +2, Stealth). [demonic ancestry]
   348 | D:1      | Reached XP level 2. HP: 19/19 MP: 4/6
  1398 | D:1      | Learned a level 2 spell: Repel Missiles
  1975 | D:2      | Gained mutation: You have a moderately thin skeletal structure (Dex +4, Stealth+). [demonic ancestry]
  1975 | D:2      | Reached XP level 3. HP: 24/24 MP: 1/8
  2264 | D:2      | Reached skill level 4 in Spellcasting
  2389 | D:2      | HP: 1/24 [gnoll/halberd (5)]
  2390 | D:2      | Mangled by a gnoll

Action                   || total
-------------------------++-------
Melee: Dagger            ||    16
 Cast: Magic Dart        ||    90
       Repel Missiles    ||     1
  Use: Scroll            ||     2
  Eat: Bread ration      ||     1
